 Dungeon Crawl Stone Soup version 0.30-a0-389-g8d7d949f56 (webtiles) character file.

Game seed: 12092356364370165653

6262 NinjaNoafa the Nimble (level 10, -7/85 HPs)
             Began as a Merfolk Gladiator on Dec 3, 2022.
             Was a Follower of Uskayaw.
             Mangled by a yak (13 damage)
             ... on level 1 of the Lair of Beasts.
             The game lasted 00:29:50 (10999 turns).

NinjaNoafa the Nimble (Merfolk Gladiator)          Turns: 10999, Time: 00:29:50

Health: -7/85      AC: 10    Str: 14    XL:     10   Next: 93%
Magic:  13/13      EV: 21    Int:  8    God:    Uskayaw [*.....]
Gold:   0          SH:  0    Dex: 22    Spells: 13/13 levels left

rFire   + . .      SeeInvis .    h - +2 dagger (venom)
rCold   . . .      Faith    +    (no shield)
rNeg    + . .      Spirit   .    s - +2 leather armour {rC+}
rPois   .          Reflect  .    c - +0 helmet
rElec   .          Harm     .    D - +1 cloak
rCorr   .          Rampage  .    H - +1 pair of gloves
Will    .....                    (no boots)
Stlth   ++........               P - amulet of faith
HPRegen 0.34/turn                A - ring of Eternal Harmony {Fire rN+ Dex+2}
MPRegen 0.13/turn                (no ring)

@: no status effects
A: (nimble swimmer 2), mertail
a: Renounce Religion, Stomp


You were on level 1 of the Lair of Beasts.
You worshipped Uskayaw.
Uskayaw was noncommittal.
You visited 3 branches of the dungeon, and saw 12 of its levels.

You collected 440 gold pieces.
You spent 440 gold pieces at shops.

Inventory:

Hand Weapons
 h - a +2 dagger of venom (weapon)
Missiles
 d - 7 throwing nets
 e - 3 javelins
 n - 117 stones
 t - 16 boomerangs (quivered)
 N - 18 poisoned darts
Armour
 c - a +0 helmet (worn)
 s - a +2 leather armour of cold resistance (worn)
 D - a +1 cloak (worn)
 H - a +1 pair of gloves (worn)
 Q - the +6 scale mail of the Nice God {rPois rF+ rN+ Str-4}
   (You found it on level 1 of the Lair of Beasts)

   Str:       It affects your strength (-4).
   rF:        It protects you from fire.
   rPois:     It protects you from poison.
   rN:        It protects you from negative energy.
Jewellery
 A - the ring of Eternal Harmony (left hand) {Fire rN+ Dex+2}
   (You found it on level 5 of the Dungeon)

   [ring of fire]

   It enhances your fire magic.
   Dex:       It affects your dexterity (+2).
   rF:        It protects you from fire.
   rC:        It makes you vulnerable to cold.
   rN:        It protects you from negative energy.
 P - an amulet of faith (around neck)
Wands
 a - a wand of light (23)
 w - a wand of roots (14)
 x - a wand of paralysis (10)
 y - a wand of flame (42)
 E - a wand of mindburst (6)
Scrolls
 b - a scroll of vulnerability {unknown}
 f - a scroll of silence
 k - 2 scrolls of fog
 p - 2 scrolls of acquirement {unknown}
 q - 2 scrolls of torment
 r - a scroll of noise {unknown}
 u - 2 scrolls of enchant weapon {unknown}
 z - 3 scrolls of blinking
 B - 2 scrolls of magic mapping {unknown}
 I - a scroll of summoning
 L - 2 scrolls of teleportation
 M - a scroll of poison {unknown}
 O - 2 scrolls of amnesia {unknown}
Potions
 g - 2 potions of brilliance {unknown}
 i - 3 potions of haste
 j - 3 potions of mutation
 l - a potion of curing
 m - a potion of lignification {unknown}
 o - 2 potions of might {unknown}
 v - a potion of ambrosia
 C - a potion of cancellation {unknown}
 F - 2 potions of degeneration {unknown}
 G - 5 potions of attraction
 J - a potion of berserk rage {unknown}
 K - 3 potions of flight


   Skills:
 - Level 10.0 Fighting
 + Level 7.8 Short Blades
 - Level 5.0 Throwing
 - Level 12.0 Dodging
 - Level 2.0 Spellcasting
 + Level 4.7 Invocations
 - Level 5.0 Evocations


You had 13 spell levels left.
You didn't know any spells.
Your spell library contained the following spells:

 Spells                   Type           Power      Damage    Failure   Level
 Beastly Appendage        Tmut           0%         N/A       41%         1
 Blink                    Tloc           0%         N/A       56%         2
 Momentum Strike          Conj/Tloc      0%         3d8       56%         2
 Wereblood                Tmut           0%         N/A       56%         2
 Frozen Ramparts          Ice            0%         1d1       80%         3
 Lesser Beckoning         Tloc           0%         N/A       80%         3
 Spider Form              Tmut/Pois      0%         N/A       80%         3
 Vhi's Electric Charge    Tloc/Air       0%         N/A       80%         3
 Ice Form                 Ice/Tmut       0%         N/A       99%         4
 Summon Ice Beast         Ice/Summ       0%         N/A       99%         4
 Arcjolt                  Conj/Air       0%         1d10      100%        5
 Maxwell's Capacitive Co  Air            0%         ∞         100%        8


Dungeon Overview and Level Annotations

Branches:
Dungeon (10/15)            Temple (1/1) D:7            Lair (1/5) D:8
    Orc: D:9-12

Altars:
Ashenzari
Cheibriados
Dithmenos
Elyvilon
Fedhas
Gozag
Hepliaklqana
Kikubaaqudgha
Makhleb
Nemelex Xobeh
Okawaru
Qazlal
Ru
Sif Muna
Trog
Uskayaw
Vehumet
Wu Jian
Xom
Yredelemnul
Zin
The Shining One

Shops:
D:1 [   D:7 *


Innate Abilities, Weirdness & Mutations

((You are very nimble when in or above water. (Stealth+, EV+, Speed+++)))
Your lower body shifts to a powerful aquatic tail in water.


Message History

The bullfrog hits you but does no damage.
The yak gores you. x3; The bullfrog hits you.
The bullfrog hits you but does no damage.
The yak gores you but does no damage. The yak gores you.
* * * LOW HITPOINT WARNING * * *
The yak gores you but does no damage. The bullfrog hits you.
* * * LOW HITPOINT WARNING * * *
The yak gores you but does no damage. x2; The yak gores you.
The bullfrog hits you.
The bullfrog hits you but does no damage.
The yak gores you!
* * * LOW HITPOINT WARNING * * *
The yak gores you but does no damage. The yak gores you!
* * * LOW HITPOINT WARNING * * *
The bullfrog hits you.
* * * LOW HITPOINT WARNING * * *
The yak gores you but does no damage. The yak gores you.
The yak gores you but does no damage. The bullfrog hits you.
* * * LOW HITPOINT WARNING * * *
The bullfrog hits you. The yak gores you but does no damage.
The yak barely misses you. The yak gores you but does no damage.
The bullfrog hits you but does no damage.
The yak gores you but does no damage. The yak gores you!
* * * LOW HITPOINT WARNING * * *
The yak gores you but does no damage.
The bullfrog hits you but does no damage.
The bullfrog hits you but does no damage.
The yak gores you but does no damage. The yak gores you.
* * * LOW HITPOINT WARNING * * *
The yak gores you but does no damage.
You turn to flesh and can move again.
Okay, then.
You feel better. The bullfrog completely misses you.
The yak completely misses you. The yak barely misses you. The yak gores you!
* * * LOW HITPOINT WARNING * * *
The bullfrog closely misses you.
The bullfrog hits you but does no damage.
The yak gores you!
You die...

.......#...#...## ..
...........#^...#.#
..........##.#...#
.?.....#......#..##)#.#
.......#..........^...##
..#.....#..........##P...#
.........................#
P..............#P[.........
.#.
...#.....##F@###....#.....
....
#.......#lYYY#........##
....##.....#..YYY.........##
...........†...#..........#
.P..........#.##...........#
...........#................
..............#..........##.
.............##..#.+##..
.............# #...


You could see 6 yaks, a basilisk and a bullfrog.

Vanquished Creatures
  An ugly thing (D:9)
  A cyclops (D:9)
  A kobold demonologist (D:10)
  A troll (D:7)
  A hornet (D:8)
  4 wyverns
  2 yaks (Lair:1)
  Eustachio (D:4)
  3 water moccasins
  A black bear (D:4)
  An ice beast (D:5)
  3 ogres
  4 orc warriors
  4 wolves
  2 centaurs
  A phantom (D:5)
  2 kobold brigands
  3 necrophages (D:5)
  A bullfrog (D:8)
  A gnoll sergeant (D:9)
  2 scorpions
  5 killer bees
  3 electric eels (D:8)
  A howler monkey (D:10)
  6 hounds
  2 jellies
  4 orc priests
  A gnoll bouda (D:7)
  7 iguanas
  9 orc wizards
  A mummy (D:6)
  7 adders
  15 gnolls
  2 white imps (D:6)
  3 dart slugs
  32 orcs
  3 ball pythons
  10 bats
  2 endoplasms
  7 giant cockroaches
  9 goblins
  5 hobgoblins
  11 jackals
  16 kobolds
  2 frilled lizards
  2 kobold zombies (D:6)
  2 orc zombies (D:6)
  9 rats
216 creatures vanquished.

Vanquished Creatures (others)
  A bush (D:1)
  2 fungi (Lair:1)
  A plant (Lair:1)
4 creatures vanquished.

Grand Total: 220 creatures vanquished

Notes
Turn   | Place    | Note
-------+----------+-------------------------------------------
     0 | D:1      | NinjaNoafa the Merfolk Gladiator began the quest for the
                  | Orb.
     0 | D:1      | Reached XP level 1. HP: 16/16 MP: 1/1
   106 | D:1      | Reached XP level 2. HP: 23/23 MP: 2/2
   623 | D:1      | Reached XP level 3. HP: 28/28 MP: 3/3
   623 | D:1      | Found a faded altar of an unknown god.
   648 | D:1      | Found Rampay's Antique Armour Shoppe.
  1415 | D:2      | Reached XP level 4. HP: 35/35 MP: 4/4
  1991 | D:3      | Reached skill level 5 in Short Blades
  2313 | D:3      | Noticed a scorpion
  2324 | D:3      | Killed a scorpion
  2325 | D:3      | Reached XP level 5. HP: 41/41 MP: 5/5
  2347 | D:3      | You fall into a shaft and drop 2 floors!
  2347 | D:5      | Entered Level 5 of the Dungeon
  2357 | D:5      | Reached skill level 5 in Dodging
  2378 | D:5      | Reached XP level 6. HP: 48/48 MP: 6/6
  2422 | D:5      | Noticed a water moccasin
  2430 | D:5      | Killed a water moccasin
  2431 | D:5      | Reached skill level 6 in Dodging
  2454 | D:5      | Reached XP level 7. HP: 39/55 MP: 7/7
  2522 | D:5      | Identified the ring of Eternal Harmony {Fire rN+ Dex+2}
  2573 | D:5      | Reached skill level 5 in Fighting
  2573 | D:5      | Reached skill level 7 in Dodging
  2887 | D:5      | Reached skill level 8 in Dodging
  3041 | D:5      | Reached XP level 8. HP: 51/65 MP: 8/8
  3297 | D:5      | Reached skill level 9 in Dodging
  4047 | D:5      | Reached skill level 1 in Evocations
  4818 | D:4      | Noticed Eustachio
  4857 | D:4      | Killed Eustachio
  4858 | D:4      | Reached XP level 9. HP: 63/72 MP: 9/9
  5443 | D:6      | Found a broken altar of Ashenzari.
  5802 | D:7      | Found Cyoziol's Hallowed Reliquary.
  5802 | D:7      | Noticed an angel
  6381 | D:7      | Reached skill level 5 in Throwing
  6381 | D:7      | Reached skill level 5 in Evocations
  6456 | D:7      | Found a staircase to the Ecumenical Temple.
  6473 | Temple   | Entered the Ecumenical Temple
  6530 | Temple   | Became a worshipper of Uskayaw the Reveller
  6725 | D:7      | Reached * piety under Uskayaw
  6746 | D:7      | Reached ** piety under Uskayaw
  6959 | D:7      | Found a stormy altar of Qazlal.
  6959 | D:7      | Found a sparkling altar of Nemelex Xobeh.
  6959 | D:7      | Found a shadowy altar of Dithmenos.
  7332 | D:7      | Reached skill level 10 in Dodging
  7633 | D:8      | Noticed a troll
  7658 | D:7      | Killed a troll
  7823 | D:7      | Reached XP level 10. HP: 37/82 MP: 10/10
  8308 | D:8      | Reached skill level 11 in Dodging
  8438 | D:8      | Reached skill level 1 in Spellcasting
  8892 | D:8      | Found a staircase to the Lair.
  9171 | D:9      | Noticed a cyclops
  9186 | D:9      | Killed a cyclops
  9492 | D:9      | Noticed a purple ugly thing
  9529 | D:9      | Killed a purple ugly thing
  9530 | D:9      | Reached skill level 12 in Dodging
  9670 | D:9      | Reached skill level 10 in Fighting
 10457 | D:10     | Entered Level 10 of the Dungeon
 10545 | D:10     | Noticed a kobold demonologist
 10545 | D:10     | Noticed a kobold demonologist
 10546 | D:10     | Noticed a kobold demonologist
 10639 | D:10     | Noticed an orange demon
 10666 | D:10     | Killed a kobold demonologist
 10718 | Lair:1   | Entered Level 1 of the Lair of Beasts
 10845 | D:7      | Bought an amulet of faith for 440 gold pieces
 10921 | Lair:1   | Identified the +6 scale mail of the Nice God {rPois rF+ rN+
                  | Str-4}
 10999 | Lair:1   | Mangled by a yak

Illustrated notes

Levels and vault maps discovered:
D:1:      dpeg_arrival_subterranean_lakeside_camping, layout_loops_ring,
          serial_shops, nicolae_shop_competitors_out_of_business, serial_forest,
          infiniplex_forest_lined_2, infiniplex_forest_fountain,
          infiniplex_forest_straight_2, infiniplex_forest_corner_2,
          hellmonk_ecumenical_altar_lost_god, minmay_worlds_worst_comb
D:2:      layout_basic, minmay_stone_trees_medium, kennysheep_doodads
D:3:      layout_rooms
D:4:      layout_cave_pools, uniq_eustachio
D:5:      minmay_razor_zed, layout_basic
D:6:      layout_rooms, cheibrodos_ashenzari_chains, minmay_mini_ossuary
D:7:      layout_layer_cave, gammafunk_temple_overflow_claw,
          minmay_temple_entry_offerings, nicolae_good_shop
D:8:      layout_cave_pools, erik_lair_island
D:9:      layout_irregular_city
D:10:     layout_basic, nicolae_trove_entry_isolated, special_room
          [special_room_kobold], uniq_josephine
Temple:   regret_index_temple_mists
Lair:1:   layout_cave_shapes, infiniplex_staircase_pool_2, serial_bayou_shore_a,
          grunt_megastairs_2, uniq_nergalle

Skill      XL: |  1  2  3  4  5  6  7  8  9 10 |
---------------+-------------------------------+-----
Short Blades   | 4 6 7 |  7.8
Fighting       | 3 4 6 7 8 10 | 10.0
Dodging        | 5 6 8 9 10 12 | 12.0
Evocations     | 2 5 |  5.0
Throwing       | 4 5 |  5.0
Spellcasting   | 2 |  2.0
Invocations    | 4 |  4.7

Action                   |  1- 3 |  4- 6 |  7- 9 | 10-12 || total
-------------------------+-------+-------+-------+-------++-------
Melee: Rapier            |    36 |       |       |       ||    36
       Dagger            |   108 |   120 |   463 |   258 ||   949
       Punch             |     2 |       |     6 |     5 ||    13
Throw: Boomerang         |       |     1 |    66 |    17 ||    84
       Javelin           |       |     1 |     1 |       ||     2
       Throwing net      |       |       |     1 |       ||     1
Evoke: Wand              |       |     2 |     6 |     3 ||    11
  Use: Scroll            |       |       |     9 |     4 ||    13
       Potion            |       |       |     3 |     2 ||     5
 Stab: Sleeping          |     2 |     1 |     1 |     1 ||     5
       Invisible         |       |     1 |     4 |       ||     5
       Paralysed         |       |       |     1 |     1 ||     2
       Held in net/web   |       |       |     1 |       ||     1
Armor: Leather armour    |    28 |       |    43 |    98 ||   169
       Scale mail        |       |    51 |   184 |       ||   235
Dodge: Dodged            |    65 |    74 |   459 |   296 ||   894

Table legend: (Time is in decaauts)
 A = Elapsed time spent in this place.
 B = Non-inter-level travel time spent in this place.
 C = Inter-level travel time spent in this place.
 D = Time resting spent in this place.
 E = Time spent auto-exploring this place.
 F = Levels seen in this place.
 G = Mean time per level.
                   A        B        C        D        E       F      G
               +--------+--------+--------+--------+--------+-----+--------+
         Total |  10675 |   9814 |    861 |    415 |   7049 |  12 |  889.6 |
       Dungeon |  10357 |   9525 |    832 |    415 |   6866 |  10 | 1035.7 |
        Temple |    105 |     90 |     15 |      0 |     67 |   1 |  105.0 |
          Lair |    212 |    199 |     13 |      0 |    115 |   1 |  212.0 |
               +--------+--------+--------+--------+--------+-----+--------+

Top non-repeatable levels by time:
     D:5: 2293 daAuts
     D:7: 1751 daAuts
     D:8: 1187 daAuts
     D:9: 1111 daAuts
     D:1: 1072 daAuts
     D:2: 886 daAuts
     D:6: 803 daAuts
     D:4: 548 daAuts
     D:3: 490 daAuts
  Lair:1: 212 daAuts
    D:10: 211 daAuts
  Temple: 105 daAuts
